BSA
KANSAS CITY KINGS @ NEVADA NOISE
06/13/2029
 
TOP OF THE 1ST
Kansas City Kings batting - Pitching for Nevada Noise : RHP Dan Wilson
Pitching: RHP Dan Wilson
Batting: RHB Chris Chandler 0-0: Foul Ball, location: 2F
0-1: Ground out 6-3 (Groundball, 6)
Batting: SHB Douglas Taylor 0-0: Ball
1-0: Ball
2-0: Called Strike
2-1: Ground out 4-3 (Groundball, 4S)
Batting: RHB Toshimichi Kono 0-0: Called Strike
0-1: Ground out 4-3 (Groundball, 4)
Top of the 1st over - 0 runs, 0 hits, 0 errors, 0 left on base; Kansas City 0 - Nevada 0
BOTTOM OF THE 1ST
Nevada Noise batting - Pitching for Kansas City Kings : LHP Francisco Morales
Pitching: LHP Francisco Morales
Batting: RHB Pedro Rosado 0-0: Ball
1-0: Ball
2-0: Called Strike
2-1: Foul Ball, location: 2F
2-2: Ball
3-2: Strikes out swinging, 2-3 out at first.
Batting: RHB Max Jones 0-0: Ground out 1-3 (Groundball, P)
Batting: LHB Santiago Márquez 0-0: Swinging Strike
0-1: Called Strike
0-2: Foul Ball, location: 2F
0-2: Foul Ball, location: 2F
0-2: Ball
1-2: Ball
2-2: Foul Ball, location: 2F
2-2: Fly out, F8 (Line Drive, 8LD)
Bottom of the 1st over - 0 runs, 0 hits, 0 errors, 0 left on base; Kansas City 0 - Nevada 0
TOP OF THE 2ND
Kansas City Kings batting - Pitching for Nevada Noise : RHP Dan Wilson
Batting: RHB Jeremy Carr 0-0: Swinging Strike
0-1: Ball
1-1: Called Strike
1-2: Foul Ball, location: 2F
1-2: TRIPLE (Flyball, 8RXD)
Pinch Runner at 3rd Oliver Lugo:
Batting: LHB Ron Crawford 0-0: Ball
1-0: Fly out, F6 (Line Drive, 56)
Batting: RHB Cy Keynes 0-0: Ball
1-0: Ball
2-0: Swinging Strike
2-1: Ball
3-1: Ground out 1-3 (Groundball, P)
Batting: RHB Eric Fuller 0-0: Ball
1-0: Ground out 1-3 (Groundball, P)
Top of the 2nd over - 0 runs, 1 hit, 0 errors, 1 left on base; Kansas City 0 - Nevada 0
BOTTOM OF THE 2ND
Nevada Noise batting - Pitching for Kansas City Kings : LHP Francisco Morales
Now in LF: Oliver Lugo
Batting: RHB Luis Cruz 0-0: Swinging Strike
0-1: Ball
1-1: Foul Ball, location: 2F
1-2: Ball
2-2: Strikes out looking
Batting: SHB Víctor Serrano 0-0: Swinging Strike
0-1: Foul Ball, location: 2F
0-2: Ball
1-2: Foul Ball, location: 2F
1-2: Foul Ball, location: 2F
1-2: Ball
2-2: SINGLE (Line Drive, 56)
Batting: RHB Rich Ruffin 0-0: Swinging Strike
0-1: Ball
1-1: Swinging Strike
1-2: Strikes out looking
Batting: LHB Milton Watson 0-0: Ball
1-0: Ball
2-0: Called Strike
2-1: Fly out, F8 (Flyball, 8LS)
Bottom of the 2nd over - 0 runs, 1 hit, 0 errors, 1 left on base; Kansas City 0 - Nevada 0
TOP OF THE 3RD
Kansas City Kings batting - Pitching for Nevada Noise : RHP Dan Wilson
Batting: RHB Rafael Carreón 0-0: Swinging Strike
0-1: Foul Ball, location: 2F
0-2: Foul Ball, location: 2F
0-2: Ball
1-2: Foul Ball, location: 2F
1-2: Strikes out swinging
Batting: RHB Gregg Nelson 0-0: Ball
1-0: Foul Ball, location: 2F
1-1: Ground out 5-3 (Groundball, 5)
Batting: RHB Chris Chandler 0-0: Called Strike
0-1: Reached on error, E5 (Groundball, 56)
Batting: SHB Douglas Taylor 0-0: Called Strike
0-1: Ball
1-1: Foul Ball, location: 2F
1-2: Foul Ball, location: 2F
1-2: Ball
Chris Chandler steals 2nd base
2-2: Ball
3-2: Fly out, F7 (Flyball, 7D)
Top of the 3rd over - 0 runs, 0 hits, 1 error, 1 left on base; Kansas City 0 - Nevada 0
BOTTOM OF THE 3RD
Nevada Noise batting - Pitching for Kansas City Kings : LHP Francisco Morales
Batting: RHB Fernando Gálvez 0-0: Ball
1-0: Called Strike
1-1: Foul Ball, location: 2F
1-2: Strikes out swinging
Batting: RHB Jorge Márquez 0-0: Ball
1-0: Foul Ball, location: 2F
1-1: Ball
2-1: Ball
3-1: SINGLE (Groundball, 6MD)
Batting: RHB Pedro Rosado 0-0: Fly out, F8 (Flyball, 8LM)
Batting: RHB Max Jones 0-0: Ball
Jorge Márquez steals 2nd base
1-0: Ball
2-0: Foul Ball, location: 2F
2-1: Foul Ball, location: 2F
2-2: Fly out, F7 (Flyball, 78XD)
Bottom of the 3rd over - 0 runs, 1 hit, 0 errors, 1 left on base; Kansas City 0 - Nevada 0
TOP OF THE 4TH
Kansas City Kings batting - Pitching for Nevada Noise : RHP Dan Wilson
Batting: RHB Toshimichi Kono 0-0: Called Strike
0-1: Called Strike
0-2: Ball
1-2: SINGLE (Line Drive, 7S)
Batting: RHB Oliver Lugo 0-0: Grounds into double play, 1-6-3 (Groundball, P)
Batting: LHB Ron Crawford 0-0: Called Strike
0-1: Foul Ball, location: 2F
0-2: Ball
1-2: Ball
2-2: Ball
3-2: Fly out, F9 (Line Drive, 89S)
Top of the 4th over - 0 runs, 1 hit, 0 errors, 0 left on base; Kansas City 0 - Nevada 0
BOTTOM OF THE 4TH
Nevada Noise batting - Pitching for Kansas City Kings : LHP Francisco Morales
Batting: LHB Santiago Márquez 0-0: Ball
1-0: Called Strike
1-1: Called Strike
1-2: Ground out U3 (Groundball, 3)
Batting: RHB Luis Cruz 0-0: Ball
1-0: Called Strike
1-1: Swinging Strike
1-2: Ball
2-2: Strikes out swinging
Batting: SHB Víctor Serrano 0-0: Fly out, F8 (Flyball, 8LM)
Bottom of the 4th over - 0 runs, 0 hits, 0 errors, 0 left on base; Kansas City 0 - Nevada 0
TOP OF THE 5TH
Kansas City Kings batting - Pitching for Nevada Noise : RHP Dan Wilson
Batting: RHB Cy Keynes 0-0: Foul Ball, location: 2F
0-1: Ball
1-1: SINGLE (Groundball, 4MD)
Batting: RHB Eric Fuller 0-0: Fly out, F9 (Flyball, 9)
Batting: RHB Rafael Carreón 0-0: Called Strike
0-1: Foul Ball, location: 2F
0-2: Strikes out swinging
Batting: RHB Gregg Nelson 0-0: Ball
1-0: Called Strike
1-1: Ball
2-1: Ball
3-1: Foul Ball, location: 2F
3-2: Ground out 6-3 (Groundball, 6)
Top of the 5th over - 0 runs, 1 hit, 0 errors, 1 left on base; Kansas City 0 - Nevada 0
BOTTOM OF THE 5TH
Nevada Noise batting - Pitching for Kansas City Kings : LHP Francisco Morales
Batting: RHB Rich Ruffin 0-0: Swinging Strike
0-1: Called Strike
0-2: Ball
1-2: Foul Ball, location: 2F
1-2: Ball
2-2: Ball
3-2: Strikes out swinging
Batting: LHB Milton Watson 0-0: Ball
1-0: Swinging Strike
1-1: Ball
2-1: Ball
3-1: Foul Ball, location: 2F
3-2: Fly out, F8 (Flyball, 8RM)
Batting: RHB Fernando Gálvez 0-0: Ball
1-0: Ground out 5-3 (Groundball, 56S)
Bottom of the 5th over - 0 runs, 0 hits, 0 errors, 0 left on base; Kansas City 0 - Nevada 0
TOP OF THE 6TH
Kansas City Kings batting - Pitching for Nevada Noise : RHP Dan Wilson
Batting: RHB Chris Chandler 0-0: Ball
1-0: Ball
2-0: Called Strike
2-1: SINGLE (Groundball, 6MD)
Batting: SHB Douglas Taylor 0-0: Ball
1-0: Called Strike
Chris Chandler steals 2nd base
1-1: Ball
2-1: Foul Ball, location: 2F
2-2: Foul Ball, location: 2F
2-2: SINGLE (Flyball, 7LS)
Chris Chandler to third
Runner from 3rd tries for Home, SAFE, no throw
Batting: RHB Toshimichi Kono 0-0: Called Strike
0-1: Ball
1-1: Foul Ball, location: 2F
1-2: Grounds into double play, 6-4-3 (Groundball, 6)
Batting: RHB Oliver Lugo 0-0: SOLO HOME RUN (Flyball, 78XD), Distance : 409 ft
Batting: LHB Ron Crawford 0-0: Fly out, F9 (Flyball, 9S)
Top of the 6th over - 2 runs, 3 hits, 0 errors, 0 left on base; Kansas City 2 - Nevada 0
BOTTOM OF THE 6TH
Nevada Noise batting - Pitching for Kansas City Kings : LHP Francisco Morales
Batting: RHB Jorge Márquez 0-0: Called Strike
0-1: Swinging Strike
0-2: Foul Ball, location: 2F
0-2: Foul Ball, location: 2F
0-2: Reached on error, E6 (Groundball, 56D)
Batting: RHB Pedro Rosado 0-0: Fly out, F9 (Flyball, 9)
Batting: RHB Max Jones 0-0: Called Strike
0-1: Called Strike
0-2: Ball
1-2: Ball
2-2: Grounds into double play, 6-4-3 (Groundball, 6)
Bottom of the 6th over - 0 runs, 0 hits, 1 error, 0 left on base; Kansas City 2 - Nevada 0
TOP OF THE 7TH
Kansas City Kings batting - Pitching for Nevada Noise : RHP Dan Wilson
Batting: RHB Cy Keynes 0-0: Foul Ball, location: 2F
0-1: Swinging Strike
0-2: Ball
1-2: Ball
2-2: Foul Ball, location: 2F
2-2: Strikes out looking
Batting: RHB Eric Fuller 0-0: Fly out, F9 (Flyball, 9)
Batting: RHB Rafael Carreón 0-0: Called Strike
0-1: Ball
1-1: Called Strike
1-2: Ball
2-2: Foul Ball, location: 2F
2-2: Ball
3-2: Base on Balls
Pitching: RHP Elton Johnston
Batting: RHB Gregg Nelson 0-0: Ball
1-0: DOUBLE (Line Drive, 7LM)
Rafael Carreón to third
Batting: RHB Chris Chandler 0-0: Ball
1-0: Ball
2-0: Called Strike
2-1: Foul Ball, location: 2F
2-2: Strikes out swinging
Top of the 7th over - 0 runs, 1 hit, 0 errors, 2 left on base; Kansas City 2 - Nevada 0
BOTTOM OF THE 7TH
Nevada Noise batting - Pitching for Kansas City Kings : LHP Francisco Morales
Batting: LHB Santiago Márquez 0-0: Ball
1-0: Ground out 4-3 (Groundball, 4)
Batting: RHB Luis Cruz 0-0: Ball
1-0: Ball
2-0: Foul Ball, location: 2F
2-1: Foul Ball, location: 2F
2-2: Foul Ball, location: 2F
2-2: Ground out U3 (Groundball, 3L)
Batting: SHB Víctor Serrano 0-0: Ball
1-0: Foul Ball, location: 2F
1-1: Foul Ball, location: 2F
1-2: DOUBLE (Line Drive, 9LM)
Batting: RHB Rich Ruffin 0-0: Called Strike
0-1: 2-RUN HOME RUN (Flyball, 7D), Distance : 414 ft
Batting: LHB Milton Watson 0-0: Ball
1-0: Called Strike
1-1: Ball
2-1: Ground out 5-3 (Groundball, 56)
Bottom of the 7th over - 2 runs, 2 hits, 0 errors, 0 left on base; Kansas City 2 - Nevada 2
TOP OF THE 8TH
Kansas City Kings batting - Pitching for Nevada Noise : RHP Elton Johnston
Batting: SHB Douglas Taylor 0-0: Foul Ball, location: 2F
0-1: Foul Ball, location: 2F
0-2: Ground out 4-3 (Groundball, 34)
Batting: RHB Toshimichi Kono 0-0: Ball
1-0: Fly out, F7 (Flyball, 7S)
Batting: RHB Oliver Lugo 0-0: Called Strike
0-1: Ground out 1-3 (Groundball, 13)
Top of the 8th over - 0 runs, 0 hits, 0 errors, 0 left on base; Kansas City 2 - Nevada 2
BOTTOM OF THE 8TH
Nevada Noise batting - Pitching for Kansas City Kings : LHP Francisco Morales
Pitching: RHP Alberto Bonilla
Batting: RHB Fernando Gálvez 0-0: Swinging Strike
0-1: Ball
1-1: Ground out 5-3 (Groundball, 56)
Pinch Hitting: LHB Bob Smith 0-0: Swinging Strike
0-1: Ball
1-1: SINGLE (Flyball, 89S)
Batting: RHB Pedro Rosado 0-0: Ball
1-0: Called Strike
1-1: TRIPLE (Flyball, 78XD)
Bob Smith scores
Pinch Hitting: LHB Pablo Reyes 0-0: Fly out, F8 (Flyball, 8RXD)
Runner from 3rd tags up, SCORES, no throw
Pitching: LHP Manuel Parra
Batting: LHB Santiago Márquez 0-0: Fly out, F4 (Popup, 4)
Bottom of the 8th over - 2 runs, 2 hits, 0 errors, 0 left on base; Kansas City 2 - Nevada 4
TOP OF THE 9TH
Kansas City Kings batting - Pitching for Nevada Noise : RHP Elton Johnston
Now at SS: Bill Mark
Now in LF: Pablo Reyes
Batting: LHB Ron Crawford 0-0: Called Strike
0-1: Foul Ball, location: 2F
0-2: Strikes out looking
Batting: RHB Cy Keynes 0-0: Called Strike
0-1: Called Strike
0-2: Strikes out swinging
Batting: RHB Eric Fuller 0-0: Ball
1-0: Foul Ball, location: 2F
1-1: Called Strike
1-2: Ball
2-2: SINGLE (Groundball, 4MD)
Batting: RHB Rafael Carreón 0-0: Called Strike
0-1: Ball
1-1: Foul Ball, location: 2F
1-2: Ball
2-2: Foul Ball, location: 2F
2-2: Strikes out swinging
Top of the 9th over - 0 runs, 1 hit, 0 errors, 1 left on base; Kansas City 2 - Nevada 4
Saturday, December 16th, 2017 - OOTP Baseball 18.8 Build 76